 Dungeon Crawl Stone Soup version 0.30.0 (webtiles) character file.

Game seed: 12747874262076348320

5 Dani the Chiller (level 1, 13/13 HPs)
             Began as a Formicid Ice Elementalist on May 17, 2023.
             Was a Follower of Vehumet.
             Quit the game on level 1 of the Dungeon.
             The game lasted 00:01:00 (181 turns).

Dani the Chiller (Formicid Ice Elementalist)         Turns: 181, Time: 00:01:00

Health: 13/13      AC:  2    Str: 12    XL:     1   Next: 88%
Magic:  3/3        EV: 12    Int: 14    God:    Vehumet [*.....]
Gold:   51         SH:  0    Dex: 14    Spells: 3/4 levels left

rFire   . . .        c - +0 club
rCold   . . .        (no shield)
rNeg    . . .        a - +0 robe
rPois   .            (helmet unavailable)
rElec   .            (no cloak)
rCorr   .            (no gloves)
SInv    +            (no boots)
Will    .....        (no amulet)
Stlth   ++           (no ring)
HPRegen 0.22/turn    (no ring)
MPRegen 0.08/turn

%: no passive effects
@: no status effects
A: permanent stasis, dig shafts and tunnels, antennae 3, four strong arms
a: Dig, Shaft Self, Renounce Religion


You were on level 1 of the Dungeon.
You worshipped Vehumet.
Vehumet was aware of your devotion.
You visited 1 branch of the dungeon, and saw 1 of its levels.

You collected 51 gold pieces.

Inventory:

Hand Weapons
 c - a +0 club (weapon)
   (You found it on level 1 of the Dungeon)
Armour
 a - a +0 robe (worn)
Jewellery
 e - a ring of ice
   (You found it on level 1 of the Dungeon)
Scrolls
 d - a scroll of enchant weapon {unknown}
Potions
 b - a potion of magic


   Skills:
 + Level 1.3 Ranged Weapons
 - Level 1.7 Dodging
 - Level 2.4 Stealth
 - Level 2.1 Spellcasting
 - Level 4.0 Ice Magic


You had 3 spell levels left.
You knew the following spells:

 Your Spells              Type           Power      Damage    Failure   Level
a - Freeze                Ice            48%        1d6       4%          1

Your spell library contained the following spells:

 Spells                   Type           Power      Damage    Failure   Level
 Sandblast                Erth           2%         2d4       24%         1
 Frozen Ramparts          Ice            24%        1d4       14%         3
 Ozocubu's Armour         Ice            12%        N/A       14%         3
 Summon Ice Beast         Ice/Summ       7%         N/A       71%         4


Dungeon Overview and Level Annotations

Branches:
Dungeon (1/15)

Altars:
Vehumet


Innate Abilities, Weirdness & Mutations

You cannot be hasted, slowed, berserked, paralysed or teleported.
You can dig through walls and to a lower floor.
You have a pair of large antennae on your head. (SInv)
Your four strong arms can wield two-handed weapons with a shield.


Message History

You hit the bat but do no damage. The bat hits you but does no damage.
Casting: Freeze (safe; 4% risk of failure)
Confirm with . or Enter, or press ? or * to list all spells.
Aiming: Freeze (safe; 4% risk of failure)
Press: ? - help, Shift-Dir - straight line, f - bat
Aim: a bat You freeze the bat.
The bat is moderately wounded.
The bat hits you but does no damage.
Casting: Freeze (safe; 4% risk of failure)
Confirm with . or Enter, or press ? or * to list all spells.
Aiming: Freeze (safe; 4% risk of failure)
Press: ? - help, Shift-Dir - straight line, f/p - bat
Aim: a bat (moderately wounded)
You freeze the bat.
You kill the bat!
You now have 26 gold pieces (gained 6).
You now have 41 gold pieces (gained 15).
Found 10 gold pieces and a scroll labelled UCERUO FURARR.
A giant cockroach comes into view.
The giant cockroach bites you. The giant cockroach closely misses you.
Casting: Freeze (safe; 4% risk of failure)
Confirm with . or Enter, or press ? or * to list all spells.
Aiming: Freeze (safe; 4% risk of failure)
Press: ? - help, Shift-Dir - straight line, f - giant cockroach
Aim: a giant cockroach You freeze the giant cockroach.
The giant cockroach is moderately wounded.
The giant cockroach barely misses you. The giant cockroach barely misses you.
Casting: Freeze (safe; 4% risk of failure)
Confirm with . or Enter, or press ? or * to list all spells.
Aiming: Freeze (safe; 4% risk of failure)
Press: ? - help, Shift-Dir - straight line, f/p - giant cockroach
Aim: a giant cockroach (moderately wounded)
You freeze the giant cockroach.
The giant cockroach is heavily wounded.
The giant cockroach bites you but does no damage.
Casting: Freeze (safe; 4% risk of failure)
Confirm with . or Enter, or press ? or * to list all spells.
You don't have enough magic to cast this spell.
Unknown command.
You hit the giant cockroach but do no damage.
The giant cockroach is heavily wounded.
The giant cockroach barely misses you. The giant cockroach bites you.
You barely miss the giant cockroach.
The giant cockroach is heavily wounded.
The giant cockroach bites you but does no damage.
You barely miss the giant cockroach.
The giant cockroach is heavily wounded.
The giant cockroach barely misses you. The giant cockroach bites you.
You hit the giant cockroach but do no damage.
The giant cockroach is heavily wounded.
The giant cockroach barely misses you.
You barely miss the giant cockroach.
The giant cockroach is heavily wounded.
The giant cockroach bites you but does no damage.
The giant cockroach barely misses you.
You closely miss the giant cockroach.
The giant cockroach is heavily wounded.
The giant cockroach misses you. x2
You hit the giant cockroach.
You kill the giant cockroach!
Your Ranged Weapons skill increases to level 1!
You see here a giant cockroach corpse.
Casting: Freeze (safe; 4% risk of failure)
Confirm with . or Enter, or press ? or * to list all spells.
You don't know that spell.
A ball python comes into view.
d - a scroll labelled UCERUO FURARR You now have 51 gold pieces (gained 10).
Casting: Freeze (safe; 4% risk of failure)
Confirm with . or Enter, or press ? or * to list all spells.
You don't know that spell.
Casting: Freeze (safe; 4% risk of failure)
Confirm with . or Enter, or press ? or * to list all spells.
You can't see any susceptible monsters within range! (Use Z to cast anyway.) Unknown command.
Casting: Freeze (safe; 4% risk of failure)
Confirm with . or Enter, or press ? or * to list all spells.
Aiming: Freeze (safe; 4% risk of failure)
Press: ? - help, Shift-Dir - straight line, f - ball python
Aim: a ball python (asleep)
You freeze the ball python.
You kill the ball python!
You see here a ball python corpse.
e - a ring of ice
Found a faded altar of an unknown god.
There is an empty arch of ancient stone here.
Key pressed, stopping explore.
You sense a monster nearby.
You sense a monster nearby.
Okay, then.
There is a faded altar of an unknown god here.
This altar belongs to (a) Ignis, (b) Vehumet or (c) Okawaru, but you can't tell which.
Press the corresponding letter to learn more about a god, or press enter to convert or escape to cancel.
Vehumet accepts your prayer! Vehumet welcomes you!
You can now gain magical power from killing.
Vehumet offers you knowledge of Sandblast.
Are you sure you want to abandon this character and quit the game? (Confirm with "yes".)

##.....#.#
#####.#.#
#.#.###
#.#...##
#.#.#..#
#†#.##.##
#.#.#∩.∩#
#.#.##.##
#.#..#∩@∩#
#.###.##.##
## ..#∩.∩#
#.##.##
..#..#
###.## #.#
#.# #.#


There were no monsters in sight!

Vanquished Creatures
  A ball python (D:1)
  A bat (D:1)
  A giant cockroach (D:1)
  A hobgoblin (D:1)
4 creatures vanquished.

Notes
Turn   | Place    | Note
-------+----------+-------------------------------------------
     0 | D:1      | Dani the Formicid Ice Elementalist began the quest for the
                  | Orb.
     0 | D:1      | Reached XP level 1. HP: 13/13 MP: 3/3
   118 | D:1      | Reached skill level 1 in Ranged Weapons
   158 | D:1      | Found a faded altar of an unknown god.
   180 | D:1      | Prayed at the altar of an unknown god.
   180 | D:1      | Became a worshipper of Vehumet
   180 | D:1      | Reached * piety under Vehumet
   180 | D:1      | Offered knowledge of Sandblast by Vehumet.
   181 | D:1      | Quit the game

Illustrated notes

Levels and vault maps discovered:
D:1:      dpeg_arrival_ternary, layout_loops_ring,
          ebering_ecumenical_altar_hall, minmay_misc_feat_cross, st_stairs_8,
          minmay_lizard_pond

Skill      XL: |  1 |
---------------+----+-----
Ranged Weapons | 1 |  1.3
Dodging        | |  1.7
Stealth        | |  2.4
Spellcasting   | |  2.1
Ice Magic      | |  4.0

Action                     || total
---------------------------++-------
  Melee: Club              ||     8
   Cast: Freeze            ||     6
 Armour: Robe              ||     5
  Dodge: Dodged            ||    10

Levels and vault maps discovered:
D:1:      dpeg_arrival_ternary, layout_loops_ring,
          ebering_ecumenical_altar_hall, minmay_misc_feat_cross, st_stairs_8,
          minmay_lizard_pond

Table legend: (Time is in decaauts)
 A = Elapsed time spent in this place.
 B = Non-inter-level travel time spent in this place.
 C = Inter-level travel time spent in this place.
 D = Time resting spent in this place.
 E = Time spent auto-exploring this place.
 F = Levels seen in this place.
 G = Mean time per level.
                   A        B        C        D        E       F      G
               +--------+--------+--------+--------+--------+-----+--------+
         Total |    182 |    182 |      0 |      0 |     77 |   1 |  182.0 |
       Dungeon |    182 |    182 |      0 |      0 |     77 |   1 |  182.0 |
               +--------+--------+--------+--------+--------+-----+--------+

Top non-repeatable levels by time:
     D:1: 182 daAuts

Table legend:
 A = Kills in this place as a percentage of kills in the entire game.
 B = Kills by you in this place as a percentage of kills by you in the entire game.
 C = Kills by friends in this place as a percentage of kills by friends in the entire game.
 D = Other kills in this place as a percentage of other kills in the entire game.
 E = Experience gained in this place as a percentage of experience gained in the entire game.
 F = Experience gained in this place divided by the number of levels of this place that you have seen.
                   A       B       C       D       E      F
               +-------+-------+-------+-------+-------+----------------------
         Total | 100.0 | 100.0 |   N/A |   N/A | 100.0 |   8.0
       Dungeon | 100.0 | 100.0 |   N/A |   N/A | 100.0 |   8.0
               +-------+-------+-------+-------+-------+----------------------
